Map: Tourmaline LE

Players

piko

  • Race: Terran Terran
  • League: Silver
  • Spawn Location: 1:00

GhostRobo - Winner!

  • Race: Terran Terran
  • Spawn Location: 7:00

VOD

Have the link to the VOD?

Description

Time

  • Played on: Dec. 12, 2025, 1:32 p.m.
  • Length: 8:45
Show
View Real Time Build Order
Export as new Build Order

piko Terran 

Build Orders:  

Get SALT Encoding   

  12  0:01  SCV  
  13  0:19  SCV  
  14  0:22  Supply Depot  
  14  0:37  SCV  
  14  0:39  Supply Depot  
  15  0:54  Barracks  
  15  0:58  SCV  
  16  1:10  SCV, Refinery  
  17  1:22  SCV  
  18  1:35  SCV  
  19  1:53  Bunker  
  19  1:54  SCV  
  19  2:01  Refinery  
  20  2:06  Command Center  
  20  2:09  SCV  
  20  2:11  Marine  
  22  2:21  SCV  
  23  2:34  SCV  
  23  2:35  Marine  
  25  2:47  Command Center  
  25  2:48  SCV  
  26  2:54  Marine  
  27  3:06  SCV  
  28  3:16  Engineering Bay  
  28  3:18  SCV  
  29  3:30  SCV  
  30  3:36  Marine  
  31  3:43  SCV, Factory  
  31  3:45  Hi-Sec Auto Tracking  
  32  3:51  Missile Turret  
  32  3:52  Supply Depot  
  32  4:01  Missile Turret, SCV  
  34  4:10  Missile Turret, SCV  
  35  4:24  SCV  
  35  4:28  Factory Tech Lab  
  35  4:40  Starport  
  35  4:42  Starport  
  35  4:45  Starport  
  35  4:50  SCV  
  36  5:00  SCV  
  36  5:06  SCV  
  38  5:11  SCV  
  38  5:12  SCV  
  40  5:18  SCV  
  40  5:19  Neosteel Armor  
  41  5:30  SCV  
  41  5:32  Starport Reactor x3  
  42  5:42  SCV, Armory  
  43  5:45  Armory  
  43  5:49  Fusion Core  
  43  5:50  SCV  
  43  5:52  SCV  
  43  5:54  SCV  
  46  6:12  SCV  
  46  6:15  SCV  
  46  6:18  SCV  
  49  6:28  SCV  
  49  6:30  SCV, Terran Vehicle Weapons Level 1  
  51  6:40  SCV  
  51  6:41  Terran Ship Weapons Level 1  
  51  6:42  SCV  
  51  6:43  Advanced Ballistics  
  53  6:48  Factory  
  53  6:52  SCV  
  54  6:54  SCV  
  55  7:03  Refinery  
  55  7:04  Refinery  
  55  7:05  Refinery  
  55  7:06  SCV, Refinery  
  56  7:09  Orbital Command  
  56  7:11  Smart Servos  
  56  7:27  SCV  
  57  7:35  Factory Tech Lab  
  57  7:36  Liberator  
  57  7:39  SCV  
  61  7:46  SCV  
  62  7:51  SCV  
  63  8:03  SCV  
  58  8:06  Siege Tank  
  58  8:07  Siege Tank  
Show
View Real Time Build Order
Export as new Build Order

GhostRobo Terran - Winner!

Build Orders:  

Get SALT Encoding   

  12  0:00  SCV  
  13  0:14  SCV  
  14  0:18  Supply Depot  
  14  0:27  SCV  
  15  0:40  SCV  
  15  0:42  Barracks  
  16  0:52  SCV  
  16  0:53  Refinery  
  17  1:10  SCV  
  18  1:22  SCV  
  19  1:34  Command Center  
  19  1:45  Orbital Command  
  19  1:55  Barracks Reactor  
  19  2:07  Supply Depot  
  19  2:18  SCV  
  20  2:30  SCV  
  21  2:42  SCV  
  21  2:44  Marine x2  
  23  2:50  Orbital Command  
  24  2:54  SCV, Bunker  
  25  3:01  Marine  
  25  3:02  Marine  
  25  3:03  Factory  
  27  3:05  Refinery  
  27  3:15  Supply Depot  
  27  3:29  SCV  
  28  3:37  SCV, Supply Depot  
  29  3:41  SCV  
  30  3:49  Factory Tech Lab  
  30  3:50  Starport  
  30  4:01  Barracks x2  
  30  4:07  Marine x2  
  30  4:08  Barracks  
  32  4:11  Barracks  
  32  4:14  Supply Depot  
  32  4:18  Supply Depot  
  32  4:22  Siege Tank  
  35  4:24  Marine  
  35  4:25  Marine  
  35  4:30  Viking  
  39  4:40  SCV x2  
  39  4:42  Marine x2  
  43  4:52  SCV x2  
  45  5:02  Barracks Tech Lab x2  
  45  5:03  Barracks Reactor x2  
  45  5:04  SCV x2  
  47  5:16  SCV  
  48  5:32  SCV x2  
  50  5:39  Marauder x2  
  50  5:40  Marine x5  
  50  5:41  Marine  
  60  5:44  SCV  
  60  5:45  Starport Reactor  
  60  5:49  Engineering Bay  
  59  5:57  Marine  
  59  5:59  Combat Shield  
  59  6:00  Marauder x2  
  59  6:03  Stimpack  
  64  6:12  SCV  
  64  6:13  SCV  
  66  6:21  Supply Depot  
  66  6:22  Supply Depot, Marine x2  
  66  6:23  Marauder x2  
  66  6:24  Siege Tank, SCV  
  66  6:25  SCV  
  77  6:37  SCV  
  78  6:43  SCV, Terran Infantry Weapons Level 1  
  78  6:44  Marauder  
  78  6:45  Supply Depot  
  81  6:47  Engineering Bay  
  81  6:53  Refinery  
  81  6:55  Refinery  
  81  7:02  Marauder, Marine x5  
  81  7:05  Medivac  
  81  7:06  Marauder  
  92  7:42  Concussive Shells  
Tags
 
League
Silver
Matchup
TvT
Race
Terran
Spawn Locations
Cross Positions
Add a new tag
Caveats
  • Supply blocks, unpowered buildings, or Contaminate may cause inaccurate times.
  • Supply counts are checked every 10 seconds.